 Dungeon Crawl Stone Soup version 0.16.1-51-g6203257 (webtiles) character file.

490 kae the Chiller (level 6, -1/41 HPs)
             Began as a Demonspawn Ice Elementalist on July 10, 2015.
             Slain by a hound skeleton (3 damage)
             ... on level 4 of the Dungeon.
             The game lasted 00:07:41 (4933 turns).

kae the Chiller (Demonspawn Ice Elementalist)       Turns: 4933, Time: 00:07:42

Health: -1/41      AC:  4    Str:  8    XL:     6   Next: 90%
Magic:  15/15      EV: 17    Int: 18    God:
Gold:   169        SH:  0    Dex: 19    Spells: 3 memorised, 7 levels left

rFire  . . .     SeeInvis +     q - staff of air
rCold  . . .     Clarity  .     a - +0 robe
rNeg   . . .     SustAb   .     (no shield)
rPois  .         Gourm    .     (no helmet)
rElec  +         Spirit   .     v - +0 cloak
rCorr  .         Warding  .     r - +2 pair of gloves
rMut   .         Stasis   .     (no boots)
MR     .....                    (no amulet)
Stlth  +++.......               p - ring of see invisible
                                m - -2 ring of protection (curse)

@: agile, flying, not resistant to hostile enchantments, fairly stealthy
A: talons 2
a: no special abilities


You were on level 4 of the Dungeon.
You were near starving.

You visited 1 branch of the dungeon, and saw 4 of its levels.

You collected 169 gold pieces.

Inventory:

Hand weapons
 e - a +0 spear
 l - a -1 flail
 u - a +4 quarterstaff of chaos
Armour
 a - a +0 robe (worn)
 r - a +2 pair of gloves (worn)
 v - a +0 cloak (worn)
Magical staves
 q - an uncursed staff of air (weapon)
Jewellery
 m - a cursed -2 ring of protection (left hand)
 p - a ring of see invisible (right hand)
Magical devices
 o - a wand of confusion (11)
 s - a wand of slowing (23)
 t - a wand of slowing (9)
Scrolls
 d - 6 scrolls of identify
 i - a scroll of teleportation
Potions
 x - a potion of cancellation
Books
 b - a book of Frost

   Spells                             Type                      Level
   a - Freeze                         Ice                          1
   b - Throw Frost                    Conjuration/Ice              2
   c - Ozocubu's Armour               Charms/Ice                   3
   d - Throw Icicle                   Conjuration/Ice              4
   e - Summon Ice Beast               Ice/Summoning                4
   f - Condensation Shield            Ice                          4
Comestibles
 c - a bread ration
 f - a beef jerky
 g - 4 meat rations
 j - a slice of pizza


   Skills:
 - Level 1.7 Dodging
 - Level 1.7 Stealth
 + Level 4.6 Spellcasting
 - Level 1.0 Conjurations
 * Level 5.8 Ice Magic


You had 7 spell levels left.
You knew the following spells:

 Your Spells              Type           Power        Failure   Level  Hunger
a - Freeze                Ice            ####         1%          1    None
b - Throw Frost           Conj/Ice       ###...       6%          2    #......
c - Throw Icicle          Conj/Ice       ###.....     34%         4    ####...


Dungeon Overview and Level Annotations

Branches:
Dungeon (4/15)
 Temple: D:4-7

Altars:
Sif Muna

Annotations:
D:3 Grinder


Innate Abilities, Weirdness & Mutations

You have razor-sharp toenails.


Message History

Okay, then.
The bat skeleton hits you but does no damage.
Read which item? (? for menu, Esc to quit)
Okay, then.
You closely miss the bat skeleton. Your kick misses the bat skeleton.
The bat skeleton closely misses you. x2
The bat skeleton hits you but does no damage.
The bat skeleton closely misses you.
You hit the bat skeleton. The bat skeleton misses you.
The bat skeleton hits you but does no damage.
The bat skeleton misses you.
You hit the bat skeleton.
You destroy the bat skeleton!
Read which item? (? for menu, Esc to quit)
As you read the scroll labeled KICSYAFALA, it crumbles to dust.
It is a scroll of enchant weapon.
Enchant which weapon? (? for menu, Esc to quit)
Your enchanted flail glows red for a moment.
The hound skeleton bites you.
You die...

## #.# ..# # ##...###.#
#.# # .........# #o# ##
##..####.# #######o#####
#.###.
##..####.###.......o...#
#.....
.............#####o##
#####. .#.........###
#.# ##
.#.#.....#.#######Z#
#.#######
.........#......@#(#
#........
.###.....#.......Z.#
#########
...........#####.###
#... .#####.#..## #.#
#... .# ###.#..#### #.#
#.## .# #.........# #.#
##.# .# #.#.#..##.# #.#
.######..## .#
#......##.###.#
.........'รท
.###..#...##.##..#
#######..##


You could see a hound skeleton.

Vanquished Creatures
  2 ogres (D:4)
  A centaur skeleton (D:4)
  Crazy Yiuf (D:2)
  An orc priest (D:3)
  2 orc wizards (D:3)
  Ijyb (D:2)
  Jessica (D:2)
  A hound skeleton (D:4)
  2 adders (D:2)
  A worm (D:2)
  A giant gecko (D:1)
  16 orcs
  9 bats
  A bat skeleton (D:4)
  9 giant cockroaches
  9 hobgoblins
  6 jackals
  A quokka (D:3)
  4 giant newts
  6 goblins
  11 kobolds
  7 rats
93 creatures vanquished.

Notes
Turn   | Place    | Note
--------------------------------------------------------------
     0 | D:1      | kae, the Demonspawn Ice Elementalist, began the quest for the Orb.
     0 | D:1      | Reached XP level 1. HP: 13/13 MP: 3/3
   381 | D:1      | Gained mutation: You have sharp toenails. [demonic ancestry]
   381 | D:1      | Reached XP level 2. HP: 8/19 MP: 5/5
   646 | D:2      | Reached skill level 3 in Ice Magic
   882 | D:2      | Reached XP level 3. HP: 7/24 MP: 0/6
  1021 | D:2      | Noticed Jessica
  1023 | D:2      | Noticed Ijyb
  1037 | D:2      | Killed Ijyb
  1038 | D:2      | Killed Jessica
  1038 | D:2      | Reached XP level 4. HP: 5/30 MP: 7/9
  1695 | D:2      | Noticed Crazy Yiuf
  1704 | D:2      | Killed Crazy Yiuf
  1704 | D:2      | Reached skill level 4 in Ice Magic
  2131 | D:3      | Gained mutation: You have razor-sharp toenails. [demonic ancestry]
  2131 | D:3      | Reached XP level 5. HP: 23/35 MP: 7/11
  2303 | D:3      | Learned a level 2 spell: Throw Frost
  2308 | D:3      | Learned a level 4 spell: Throw Icicle
  2309 | D:3      | Noticed Grinder
  3082 | D:3      | Paralysed by Grinder for 4 turns
  3345 | D:4      | Found a deep blue altar of Sif Muna.
  3575 | D:4      | Reached skill level 5 in Ice Magic
  3575 | D:4      | Reached XP level 6. HP: 41/41 MP: 6/15
  4085 | D:4      | Noticed an ogre
  4259 | D:4      | Killed an ogre
  4921 | D:4      | HP: 2/41 [orc priest/divine providence (12)]
  4933 | D:4      | Slain by a hound skeleton

Action                   |  1- 3 |  4- 6 || total
-------------------------+-------+-------++-------
Melee: Spear             |    38 |    62 ||   100
       Staff             |       |   141 ||   141
 Cast: Freeze            |    20 |    90 ||   110
       Throw Frost       |       |     1 ||     1
       Throw Icicle      |       |     1 ||     1
  Use: Potion            |     1 |     7 ||     8
       Scroll            |       |     9 ||     9
 Stab: Sleeping          |     2 |     5 ||     7
  Eat: Chunk             |       |    12 ||    12
